 Dungeon Crawl Stone Soup version 0.23-a0-139-ga22e90c (webtiles) character file.

893689 Ijustatesigmund the Champion of Chaos (level 27, -6/298 HPs)
             Began as a Deep Dwarf Fighter on Aug 27, 2018.
             Was the Champion of Makhleb.
             Mangled by a juggernaut skeleton (23 damage)
             ... on level 23 of a ziggurat on Aug 30, 2018.
             The game lasted 05:48:03 (60578 turns).

Ijustatesigmund the Champion of Chaos (DDFi)       Turns: 60578, Time: 05:48:05

Health: -6/298     AC: 36    Str: 19      XL:     27
Magic:  30/30      EV: 13    Int:  9      God:    Makhleb [******]
Gold:   6207       SH: 25    Dex: 19 (22) Spells: 42/48 levels left

rFire    + + .     SeeInvis .   a - +8 broad axe of Itabin {chop, rElec rC+ rN+ Str-5 Dex+2}
rCold    + + +     Gourm    .   U - +5 shield {reflect}
rNeg     + + +     Faith    .   H - +9 scales of the Dragon King {rPois rF+ rC+ MR+}
rPois    +         Spirit   .   M - +2 helmet
rElec    +         Reflect  +   c - scarf {rC+ rF+}
rCorr    .         Harm     .   F - +2 pair of gloves {Str+3}
MR       +++++     Clarity  +   T - +2 pair of boots {Stlth+}
Stlth    ..........             q - amulet of the Four Winds {rN+ MR+++ Clar}
HPRegen  0.00/turn              J - +6 ring of slaying
MPRegen  0.22/turn              G - ring of Nilepiru {Wiz MR+ Str-2 Slay+5}

@: lethally poisoned (-6 -> -6), very slightly contaminated, non-regenerating,
diseased, hasted, very quick
A: damage resistance, heal wounds, large bone plates 1, deformed body, dopey 1,
mutation resistance 1, negative energy resistance 1, sense surroundings 3,
electricity resistance, no regeneration
}: 4/15 runes: barnacled, silver, bone, gossamer
a: Heal Wounds, Minor Destruction, Lesser Servant of Makhleb, Major Destruction,
Greater Servant of Makhleb, Renounce Religion


You were on level 23 of a ziggurat.
You worshipped Makhleb.
Makhleb was exalted by your worship.
You were very full.

You visited 14 branches of the dungeon, and saw 62 of its levels.
You visited the Abyss 1 time.
You visited 1 ziggurat, and saw 23 of its levels.
You also visited: Labyrinth, Sewer and Bailey.

You collected 8345 gold pieces.
You spent 2138 gold pieces at shops.

Inventory:

Hand Weapons
 a - the +8 broad axe of Itabin (weapon) {chop, rElec rC+ rN+ Str-5 Dex+2}
   (You acquired it on level 1 of the Vaults)

   It inflicts extra damage upon your enemies.
   It affects your strength (-5).
   It affects your dexterity (+2).
   It protects you from cold.
   It insulates you from electricity.
   It protects you from negative energy.
Missiles
 K - 57 javelins of penetration (quivered)
Armour
 c - a scarf of resistance (worn)
 F - a +2 pair of gloves of strength (worn)
 H - the +9 scales of the Dragon King (worn) {rPois rF+ rC+ MR+}
   (You found it on level 15 of the Dungeon)

   It protects you from fire.
   It protects you from cold.
   It protects you from poison.
   It affects your resistance to hostile enchantments.
 M - a +2 helmet (worn)
 T - a +2 pair of boots of stealth (worn)
 U - a +5 shield of reflection (worn)
Jewellery
 q - the amulet of the Four Winds (around neck) {rN+ MR+++ Clar}
   (You found it on level 1 of the Crypt)

   [amulet of nothing]

   It protects you from negative energy.
   It affects your resistance to hostile enchantments.
   It protects you against confusion.
 B - the ring "Xangumel" {rElec rF+ rC+ Dex+2 Slay+2}
   (You found it on level 6 of a ziggurat)

   [ring of protection from cold]

   It affects your dexterity (+2).
   It affects your accuracy and damage with ranged weapons and melee attacks
   (+2).
   It protects you from fire.
   It protects you from cold.
   It insulates you from electricity.
 G - the ring of Nilepiru (right hand) {Wiz MR+ Str-2 Slay+5}
   (You found it on level 12 of a ziggurat)

   [ring of wizardry]

   It improves your spell success rate.
   It affects your strength (-2).
   It affects your accuracy and damage with ranged weapons and melee attacks
   (+5).
   It affects your resistance to hostile enchantments.
 J - a +6 ring of slaying (left hand)
 L - the ring of Insomnia {rElec Dex+4 SInv}
   (You found it on level 3 of the Depths)

   [ring of see invisible]

   It affects your dexterity (+4).
   It insulates you from electricity.
   It lets you see invisible.
 Z - the ring "Saatt" {rCorr rF+}
   (You found it on level 8 of a ziggurat)

   [ring of resist corrosion]

   It protects you from fire.
Wands
 e - a wand of clouds (2)
 j - a wand of scattershot (7)
 C - a wand of iceblast (6)
 O - a wand of digging (60)
 R - a wand of acid (29)
Scrolls
 d - 34 scrolls of remove curse
 k - 7 scrolls of fear
 n - 7 scrolls of enchant weapon
 o - 4 scrolls of silence
 t - 2 scrolls of blinking
 y - 3 scrolls of enchant armour
 D - 21 scrolls of teleportation
 E - 9 scrolls of fog
 I - a scroll of brand weapon
 Q - 8 scrolls of magic mapping
 S - 2 scrolls of summoning
 X - 3 scrolls of identify
Potions
 b - a potion of might
 g - 6 potions of mutation
 h - 7 potions of magic
 p - 10 potions of flight
 r - 15 potions of curing
 s - 3 potions of cancellation
 u - 10 potions of brilliance
 v - a potion of agility
 x - a potion of berserk rage
 N - 4 potions of haste
 P - 2 potions of resistance
 W - 6 potions of heal wounds
 Y - a potion of invisibility
Miscellaneous
 l - 6 phantom mirrors
 A - the horn of Geryon (inert)
Comestibles
 f - 82 rations


   Skills:
 O Level 27 Fighting
 - Level 26.1 Axes
 - Level 12.1 Throwing
 - Level 18.1 Armour
 - Level 17.7 Dodging
 - Level 7.7 Stealth
 - Level 18.8 Shields
 - Level 11.4 Spellcasting
 - Level 14.3 Charms
 - Level 15.7 Necromancy
 + Level 3.0 Translocations
 O Level 27 Invocations
 - Level 22.9 Evocations


You had 42 spell levels left.
You knew the following spells:

 Your Spells              Type           Power        Failure   Level  Hunger
a - Song of Slaying       Chrm           ####....     1%          2    None
b - Vampiric Draining     Necr           ####......   1%          3    ##.....
c - Apportation           Tloc           ##....       50%         1    None

Your spell library contained the following spells:

 Spells                   Type           Power        Failure   Level  Hunger
 Animate Skeleton         Necr           N/A          1%          1    None
 Infusion                 Chrm           ####         1%          1    None
 Pain                     Necr           ####         1%          1    None
 Corpse Rot               Necr           N/A          1%          2    None
 Sublimation of Blood     Necr           ####......   1%          2    None
 Animate Dead             Necr           N/A          3%          4    ####...
 Agony                    Necr           ####....     9%          5    #####..
 Dispel Undead            Necr           ####....     9%          5    #####..
 Excruciating Wounds      Chrm/Necr      ####......   12%         5    #####..
 Swiftness                Chrm/Air       ###.....     16%         2    None
 Ozocubu's Armour         Chrm/Ice       ###.....     32%         3    ##.....
 Spectral Weapon          Hex/Chrm       ###.....     32%         3    ##.....
 Death Channel            Necr           ####......   43%         6    #######
 Beastly Appendage        Tmut           #.....       88%         1    None
 Confusing Touch          Hex            #.....       88%         1    None
 Corona                   Hex            #......      88%         1    None
 Flame Tongue             Conj/Fire      #....        88%         1    None
 Freeze                   Ice            #...         88%         1    None
 Magic Dart               Conj           #...         88%         1    None
 Sandblast                Erth           #.....       88%         1    None
 Shock                    Conj/Air       #...         88%         1    None
 Sting                    Conj/Pois      #...         88%         1    None
 Summon Small Mammal      Summ           #...         88%         1    None
 Bolt of Draining         Conj/Necr      ###.......   90%         5    #####..
 Borgnjor's Vile Clutch   Necr/Erth      ###.......   90%         5    #####..
 Call Imp                 Summ           #.......     95%         2    None
 Ensorcelled Hibernation  Hex/Ice        #.....       95%         2    None
 Passwall                 Tmut/Erth      #.......     95%         2    None
 Poisonous Vapours        Pois/Air       #.....       95%         2    None
 Searing Ray              Conj           #.....       95%         2    None
 Sticks to Snakes         Tmut           #.......     95%         2    None
 Throw Flame              Conj/Fire      #.....       95%         2    None
 Throw Frost              Conj/Ice       #.....       95%         2    None
 Iskenderun's Battlesphe  Conj/Chrm      ###.....     95%         5    #####..
 Recall                   Summ/Tloc      N/A          96%         3    ##.....
 Call Canine Familiar     Summ           #.......     99%         3    ##.....
 Confuse                  Hex            #.......     99%         3    ##.....
 Conjure Flame            Conj/Fire      #.......     99%         3    ##.....
 Dazzling Spray           Conj/Hex       #.....       99%         3    ##.....
 Ignite Poison            Fire/Tmut/Pois #.......     99%         3    ##.....
 Inner Flame              Hex/Fire       #.......     99%         3    ##.....
 Mephitic Cloud           Conj/Pois/Air  #.......     99%         3    ##.....
 Spider Form              Tmut/Pois      #.........   99%         3    ##.....
 Static Discharge         Conj/Air       #.......     99%         3    ##.....
 Stone Arrow              Conj/Erth      #.....       99%         3    ##.....
 Summon Guardian Golem    Hex/Summ       #.......     99%         3    ##.....
 Tukima's Dance           Hex            #.......     99%         3    ##.....
 Passage of Golubria      Tloc           N/A          99%         4    ####...
 Airstrike                Air            #.........   100%        4    ####...
 Cause Fear               Hex            #.........   100%        4    ####...
 Force Lance              Conj/Tloc      #.......     100%        4    ####...
 Fulminant Prism          Conj/Hex       #.........   100%        4    ####...
 Ice Form                 Ice/Tmut       #.......     100%        4    ####...
 Iskenderun's Mystic Bla  Conj           #.......     100%        4    ####...
 Leda's Liquefaction      Hex/Erth       #.........   100%        4    ####...
 Petrify                  Tmut/Erth      #.......     100%        4    ####...
 Sticky Flame             Conj/Fire      #.......     100%        4    ####...
 Summon Ice Beast         Ice/Summ       #.......     100%        4    ####...
 Summon Lightning Spire   Summ/Air       #.......     100%        4    ####...
 Throw Icicle             Conj/Ice       #.......     100%        4    ####...
 Alistair's Intoxication  Tmut/Pois      #.......     100%        5    #####..
 Bolt of Magma            Conj/Fire/Erth #.........   100%        5    #####..
 Fireball                 Conj/Fire      #.........   100%        5    #####..
 Irradiate                Conj/Tmut      #.........   100%        5    #####..
 Lee's Rapid Deconstruct  Erth           #.........   100%        5    #####..
 Lightning Bolt           Conj/Air       #.........   100%        5    #####..
 Metabolic Englaciation   Hex/Ice        #.........   100%        5    #####..
 Silence                  Hex/Air        #.........   100%        5    #####..
 Summon Forest            Summ/Tloc      #.........   100%        5    #####..
 Summon Mana Viper        Hex/Summ       #.......     100%        5    #####..
 Venom Bolt               Conj/Pois      #.........   100%        5    #####..
 Yara's Violent Unravell  Hex/Tmut       #.........   100%        5    #####..
 Bolt of Cold             Conj/Ice       #.........   100%        6    #######
 Bolt of Fire             Conj/Fire      #.........   100%        6    #######
 Conjure Ball Lightning   Conj/Air       #.........   100%        6    #######
 Darkness                 Hex            #.........   100%        6    #######
 Deflect Missiles         Chrm/Air       ###.......   100%        6    #######
 Freezing Cloud           Conj/Ice/Air   #.........   100%        6    #######
 Hydra Form               Tmut           #.........   100%        6    #######
 Invisibility             Hex            #.......     100%        6    #######
 Iron Shot                Conj/Erth      #.........   100%        6    #######
 Ozocubu's Refrigeration  Ice            #.........   100%        6    #######
 Shadow Creatures         Summ           N/A          100%        6    #######
 Simulacrum               Ice/Necr       ###.......   100%        6    #######
 Statue Form              Tmut/Erth      #........    100%        6    #######
 Dragon Form              Tmut           #.........   100%        7    #######
 Haunt                    Necr/Summ      ###.......   100%        7    #######
 Malign Gateway           Summ/Tloc      #.........   100%        7    #######
 Monstrous Menagerie      Summ           #.........   100%        7    #######
 Orb of Destruction       Conj           #.........   100%        7    #######
 Ring of Flames           Chrm/Fire      ###.......   100%        7    #######
 Spellforged Servitor     Conj/Summ      #.........   100%        7    #######
 Summon Greater Demon     Summ           #.........   100%        7    #######
 Summon Hydra             Summ           #.........   100%        7    #######
 Borgnjor's Revivificati  Necr           ####......   100%        8    #######
 Death's Door             Chrm/Necr      ####......   100%        8    #######
 Discord                  Hex            #.........   100%        8    #######
 Infestation              Necr           ####......   100%        8    #######
 Necromutation            Tmut/Necr      ###.......   100%        8    #######
 Summon Horrible Things   Summ           #.........   100%        8    #######
 Dragon's Call            Summ           #.........   100%        9    #######
 Shatter                  Erth           #.........   100%        9    #######
 Tornado                  Air            #.........   100%        9    #######
 Regeneration             Chrm/Necr      Unusable     N/A         3    N/A

Dungeon Overview and Level Annotations

Branches:
Dungeon (15/15)            Temple (1/1) D:4            Lair (6/6) D:11
 Shoals (4/4) Lair:3       Spider (4/4) Lair:4        Slime (0/5) Lair:6
    Orc (2/2) D:11            Elf (3/3) Orc:2        Vaults (5/5) D:14
  Crypt (3/3) Vaults:3       Tomb (1/3) Crypt:3      Depths (5/5) D:15
   Hell (1/1)                 Dis (0/7) Hell            Geh (0/7) Hell
    Coc (0/7) Hell            Tar (7/7) Hell            Zot (5/5) Depths:5

Altars:
Ashenzari
Cheibriados
Dithmenos
Elyvilon
Fedhas
Gozag
Hepliaklqana
Kikubaaqudgha
Makhleb
Nemelex Xobeh
Okawaru
Qazlal
Ru
Sif Muna
Trog
Uskayaw
Vehumet
Wu Jian
Xom
Yredelemnul
Zin
The Shining One
Beogh
Jiyva

Shops:
D:9 =   D:10 (   D:12 (   D:14 [   Orc:2 =?(*   Elf:2 !   Vaults:1 *(!!(
Vaults:4 *   Vaults:5 =[

Portals:
Hell: Depths:1 Depths:2 Depths:3 Depths:4
Abyss: Depths:5
Pandemonium: Depths:1 Depths:3 Depths:5

Annotations:
Tomb:1 exclusion: obsidian statue


Innate Abilities, Weirdness & Mutations

You are resistant to damage.
You can heal yourself by infusing magical energy.
You resist negative energy. (rN+)
You passively map a large area around you.
You do not regenerate.
You are partially covered in large bone plates. (SH +4)
Armour fits poorly on your strangely shaped body.
You are dopey. (Int -2)
You are somewhat resistant to further mutation.
You are resistant to electric shocks. (rElec)


Message History

The mana viper convulses!
The bennu convulses!
The mana viper convulses!
The iron dragon skeleton is struck by lightning.
The ushabti is struck by lightning.
You block the guardian mummy's attack.
The flayed ghost cries, "Suffer as I suffered!"
Blink to where?
Press: ? - help, Dir - move target cursor, p - flayed ghost You are very lightly contaminated with residual magic.
As you read the scroll of blinking, it crumbles to dust. 2 mummies and a mummy priest come into view.
The necrophage is struck by lightning.
You hear a clap of thunder!
The ushabti is struck by lightning.
The ushabti shakes and rattles deafeningly!
The mummy misses you.
You hear a clap of thunder!
The mummy priest calls down the wrath of its god upon you.
Something smites you!
* * * LOW HITPOINT WARNING * * *
The juggernaut skeleton hits you!!
You die...

............, , , , ,
..........MZSMMzM .(:?,
* .........WWMM§8§M
,.[?| >,
......W..MV88MM§M ..([=
* .........MMnn8z§M
..}?: ** ▓......#
{MMMZ8§#*.M..[[
▓▓...WW###Mb888#
#M...[▓
▓▓...S8##ZZZW{##M....▓*
▓▓...ZM{MMsWMZ@....▓
▓▓..W8.MzMMZ.....▓▓
▓▓..8{MWVz..(..▓▓
▓▓...WZZW....▓▓
▓▓▓▓▓▓▓▓▓▓▓▓▓


You could see 5 greater mummies, a bennu, 2 mummy priests, 2 flayed ghosts, 6
guardian mummies, 2 ushabtiu, 3 freezing wraiths, 2 vampires, a wraith, a death
scarab, a necrophage, 2 flying skulls, 4 mummies, a quicksilver dragon zombie, a
titan zombie, a tengu reaver zombie, 2 shadow dragon skeletons, a spriggan
defender skeleton and a juggernaut skeleton.

Vanquished Creatures
  Ereshkigal (Tar:7)
  10 pandemonium lords (Zig:21)
  13 ancient liches
  8 orbs of fire
  Mara (Vaults:5)
  4 greater mummies
  The ghost of Cuunt the Sniper, a legendary KoHu of Okawaru (Zot:2)
  The ghost of Qagip the Metallomancer, a veteran GrEE of Ashenzari (Vaults:4)
  2 shard shrikes (Zig:17)
  4 curse toes
  Frederick (Vaults:2)
  A caustic shrike (Zig:2)
  11 Killer Klowns
  A caustic shrike (shapeshifter) (Zig:21)
  Geryon (Hell)
  17 golden dragons
  Nikola (Spider:3)
  Arachne (Spider:4)
  6 bone dragons
  16 Tzitzimimeh
  7 electric golems
  25 tentacled monstrosities
  7 doom hounds
  An Ice Fiend (Zig:17)
  5 deep elf master archers
  8 quicksilver dragons
  25 Orb Guardians (Zot:5)
  8 death cobs
  13 titans
  9 liches
  Frances (D:13)
  An Executioner (Abyss:5)
  An acid blob (shapeshifter) (Zig:21)
  7 deep elf blademasters
  The ghost of Exkageocw the Sorcerer, an adept DECj of Vehumet (Vaults:2)
  A kraken (Shoals:4)
  The ghost of Zuproetha the Fencer, an adept DsWn of Okawaru (Spider:2)
  16 storm dragons
  5 sphinxes
  30 shadow dragons
  3 tentacled starspawn
  11 tengu reavers
  An ancient champion (Crypt:1)
  The ghost of Utuikhli the Peltast, an adept MiFi of Gozag (Elf:2)
  8 draconian monks
  3 revenants
  13 frost giants
  A fire giant (shapeshifter) (Zig:21)
  9 fire giants
  8 nagarajas
  2 draconian knights
  9 ghost moths
  18 deep elf sorcerers
  20 vault wardens
  3 emperor scorpions
  A ghost moth (shapeshifter) (Zig:18)
  7 orc warlords
  A balrug (Hell)
  3 juggernaut zombies
  An iron dragon (Depths:4)
  4 draconian stormcallers
  14 draconian scorchers
  A curse skull (Crypt:1)
  7 draconian annihilators
  12 draconian shifters
  18 ironheart preservers
  3 deep elf elementalists (Elf:3)
  4 ghouls
  23 reapers
  The ghost of emperorscorpion the Phalangite, a journeyman MfBe of Trog (Depths:1)
  10 war gargoyles
  6 entropy weavers
  Louise (Spider:4)
  A stone giant (shapeshifter) (Zig:21)
  4 spriggan defenders
  A corrupter (Zig:9)
  21 very ugly things
  32 stone giants
  12 deep elf demonologists
  3 blood saints (Zig:19)
  3 caustic shrike skeletons
  2 black suns (Zig:4)
  13 vampire knights
  Nessos (D:13)
  14 black draconians
  A juggernaut skeleton (Zig:23)
  15 red draconians
  11 spark wasps
  A spectral titan (Depths:1)
  2 lorocyprocas
  14 deep elf annihilators
  2 minotaurs
  A dire elephant (shapeshifter) (Zig:21)
  17 purple draconians
  16 green draconians
  23 yellow draconians
  14 white draconians
  10 deep elf death magi
  5 crystal guardians
  An ettin (shapeshifter) (Zig:18)
  16 ettins
  4 blizzard demons
  2 eidola (Crypt:2)
  9 merfolk impalers
  10 deep elf high priests
  6 merfolk javelineers
  A spectral quicksilver dragon (Depths:1)
  Snorg (Lair:3)
  10 mummy priests
  Josephine (D:14)
  A green death (Depths:5)
  6 fire dragons
  20 yaktaur captains
  A great orb of eyes (shapeshifter) (Zig:18)
  Fannar (Orc:1)
  8 great orbs of eyes
  A kraken zombie (Hell)
  40 vault guards
  14 jiangshi
  8 ice dragons
  2 naga warriors
  A hydra (shapeshifter) (Vaults:5)
  A hell beast (Depths:3)
  4 rakshasas
  4 hydras
  A merfolk avatar (Shoals:4)
  14 ogre magi
  6 centaur warriors
  A juggernaut simulacrum (Depths:1)
  2 quicksilver dragon skeletons
  18 spriggan air magi
  9 death knights
  37 two-headed ogres
  4 ghost crabs
  11 merfolk aquamancers
  An anaconda (shapeshifter) (Vaults:5)
  34 dancing weapons
  Erica (Orc:1)
  7 death scarabs
  4 death yaks (Lair:5)
  11 deep troll shamans
  15 deep troll earth magi
  6 spriggan berserkers
  7 tengu warriors
  7 vampire magi
  2 hell hogs (Depths:2)
  6 thrashing horrors
  2 sun demons
  3 titan zombies
  4 small abominations
  7 orc high priests
  2 iron golems (Hell)
  22 hell knights
  20 soul eaters
  5 shock serpents
  71 skeletal warriors
  3 titan skeletons
  Sonja (D:12)
  32 deep elf knights
  A sixfirhy (Depths:3)
  11 sea snakes
  2 iron trolls (Depths:1)
  A sea snake (shapeshifter) (Zig:16)
  17 shadow wraiths
  7 unseen horrors
  5 wretched stars
  3 golden dragon zombies
  2 storm dragon skeletons
  A torturous demonspawn (Depths:5)
  A spatial maelstrom (Zig:9)
  A salamander mystic (Zig:6)
  7 flayed ghosts
  A spriggan druid (Zig:15)
  15 shadow demons
  3 swamp dragons (Zig:15)
  A glowing orange brain (Depths:2)
  An unseen horror (shapeshifter) (Vaults:2)
  7 wizards
  An anaconda zombie (Hell)
  46 deep trolls
  9 harpies
  A tengu zombie (Vaults:4)
  A swamp dragon (shapeshifter) (Depths:1)
  19 ironbrand convokers
  3 orange crystal statues
  A shadow dragon zombie (Zig:17)
  A lindwurm (shapeshifter) (Zig:21)
  14 phantasmal warriors
  An iron dragon zombie (Tar:7)
  2 wolf spider zombies
  4 golden dragon skeletons
  A harpy (shapeshifter) (Depths:2)
  17 deep elf archers
  16 orb spiders
  A mana viper (shapeshifter) (Vaults:5)
  2 naga ritualists (Zig:6)
  2 anaconda skeletons
  32 wolf spiders
  20 orc knights
  A fire giant zombie (Vaults:5)
  4 oklob plants (Zig:13)
  59 ugly things
  2 shining eyes (shapeshifter)
  9 manticores
  3 fauns
  2 mana vipers
  A tengu skeleton (Zig:17)
  2 stone giant zombies
  4 worldbinders
  6 orc sorcerers
  17 necromancers
  5 shadow dragon skeletons
  9 cyclopes
  39 moths of wrath
  A frost giant zombie (Vaults:5)
  82 deep elf magi
  A wolf spider (shapeshifter) (Vaults:1)
  3 iron dragon skeletons
  A sphinx skeleton (Zig:17)
  An elephant (shapeshifter) (Zig:21)
  3 guardian serpents
  A moth of wrath (shapeshifter) (Zig:21)
  4 apocalypse crabs
  A guardian serpent (shapeshifter) (Zig:7)
  13 water nymphs
  An ice statue (Hell)
  6 merfolk sirens
  A spectral elf (Depths:1)
  4 black mambas
  3 frost giant skeletons
  10 rust devils
  2 gargoyles
  4 stone giant skeletons
  20 vault sentinels
  2 centaur zombies
  6 spiny frogs
  A dire elephant zombie (Crypt:1)
  2 water nymphs (shapeshifter)
  2 molten gargoyles (Hell)
  2 torpor snails
  An orange demon (Depths:3)
  A naga mage (Zig:6)
  A dire elephant skeleton (Tar:3)
  A spriggan skeleton (Zig:10)
  3 smoke demons
  3 hellions
  A yaktaur zombie (Vaults:3)
  2 rime drakes
  12 ice devils
  5 spectral swamp worms (Depths:4)
  A shock serpent skeleton (Crypt:3)
  2 komodo dragons (shapeshifter)
  An alligator snapping turtle skeleton (Crypt:2)
  14 demonic crawlers
  9 komodo dragons
  A ghost moth simulacrum (Crypt:1)
  A spectral glowing shapeshifter (Depths:1)
  54 yaktaurs
  13 freezing wraiths
  2 yaktaur skeletons
  A redback zombie (D:14)
  12 guardian mummies
  47 merfolk
  A red draconian skeleton (Crypt:1)
  6 tormentors
  9 trolls
  A harpy zombie (Crypt:3)
  39 jumping spiders
  An ancient zyme (Zig:12)
  A golden dragon simulacrum (Depths:1)
  5 polar bears (Lair:6)
  A hellwing (Zig:9)
  3 silent spectres
  A grey draconian skeleton (Crypt:2)
  A meliai (shapeshifter) (D:15)
  3 hydra zombies
  2 minotaur skeletons (Lab)
  A tengu simulacrum (Depths:1)
  7 meliai
  A queen bee (D:14)
  9 wind drakes
  A shadow dragon simulacrum (Depths:1)
  3 hydra skeletons
  Prince Ribbit (D:9)
  6 raiju
  3 bog bodies
  2 spectral jumping spiders (Spider:2)
  A wind drake (shapeshifter) (Zig:21)
  A harpy skeleton (Tar:1)
  A tyrant leech (shapeshifter) (Zig:21)
  18 hornets
  A dream sheep (shapeshifter) (Zig:18)
  An ice dragon zombie (Crypt:1)
  3 blink frogs (Lair:4)
  A fire dragon zombie (Crypt:3)
  4 human simulacra
  A slime creature (shapeshifter) (Vaults:3)
  13 dream sheep
  A stone giant simulacrum (Vaults:3)
  A spectral tarantella (Spider:2)
  2 alligator zombies (Hell)
  25 slime creatures
  A hippogriff (shapeshifter) (Vaults:5)
  12 air elementals
  A fire giant simulacrum (Vaults:4)
  A meliai zombie (D:14)
  11 snapping turtles
  15 hippogriffs
  2 elf skeletons (Zig:17)
  19 spriggans
  53 flying skulls
  26 starcursed masses
  82 redbacks
  A satyr skeleton (Crypt:1)
  2 ynoxinuls
  29 tarantellas
  A vampire (D:13)
  2 wyverns (D:10)
  A centaur simulacrum (D:15)
  An alligator skeleton (Hell)
  9 ushabtiu
  16 wraiths
  5 shadows
  3 hogs (D:9)
  A redback (shapeshifter) (Zig:16)
  12 water elementals
  A spriggan (shapeshifter) (Depths:2)
  42 yaks
  Grum (Lair:1)
  A hog (shapeshifter) (Vaults:4)
  A human (D:9)
  A fire bat (shapeshifter) (Zig:16)
  A basilisk (D:15)
  3 chaos spawn
  A human (shapeshifter) (Zig:22)
  5 hungry ghosts
  11 fire elementals
  2 neqoxecs (Zig:12)
  A redback simulacrum (Spider:2)
  A deep troll zombie (Vaults:5)
  2 spectral orb spiders (Spider:2)
  10 vampire mosquitoes
  A swamp worm (shapeshifter) (Zig:16)
  A torturous demonspawn zombie (Crypt:2)
  2 acid dragons
  A naga (Zig:6)
  7 wargs
  A spiny frog zombie (Tar:4)
  8 porcupines
  A jumping spider simulacrum (Spider:2)
  11 water moccasins
  A faun skeleton (Crypt:2)
  An ice beast (Zig:17)
  3 spiny frog skeletons
  2 tarantella simulacra (Spider:2)
  A swamp dragon zombie (Tar:5)
  Purgy (Sewer)
  Duvessa (D:6)
  19 hell hounds
  A hornet zombie (D:10)
  49 orc warriors
  3 sky beasts
  13 large abominations
  6 black bears
  A spectral hornet (Spider:2)
  5 phantoms
  3 elf zombies
  A snapping turtle zombie (Tar:1)
  22 necrophages
  An eye of draining (shapeshifter) (Elf:2)
  16 boggarts
  2 eyes of draining
  25 ogres
  A snapping turtle skeleton (Tar:7)
  42 wolves
  17 centaurs
  11 crocodiles
  A swamp dragon skeleton (Tar:3)
  An octopode zombie (Crypt:1)
  17 bullfrogs
  A bullfrog (shapeshifter) (Depths:2)
  A deep troll simulacrum (Vaults:3)
  4 earth elementals
  3 human skeletons
  A glowing shapeshifter simulacrum (Depths:1)
  Dowan (D:6)
  A wyvern skeleton (Crypt:1)
  12 scorpions
  A water moccasin skeleton (D:7)
  30 killer bees
  27 wights
  An electric eel (Spider:2)
  2 troll zombies
  A howler monkey (D:7)
  12 crimson imps
  A quasit (D:6)
  4 hounds
  3 jellies
  A human zombie (Crypt:3)
  40 orc priests
  A bullfrog skeleton (Crypt:2)
  5 bullfrog zombies
  6 centaur skeletons
  A gnoll shaman (Orc:1)
  3 iguanas
  Natasha (D:3)
  26 orc wizards
  13 worker ants
  10 hell rats
  A lightning spire (Zig:15)
  A porcupine skeleton (Crypt:1)
  A killer bee zombie (D:5)
  A sky beast zombie (Crypt:1)
  A naga skeleton (Crypt:3)
  An ogre skeleton (Crypt:1)
  A hound zombie (D:8)
  A hound skeleton (Crypt:2)
  27 mummies
  3 worker ant zombies
  Robin (D:3)
  10 gnolls
  2 river rats (D:3)
  14 adders
  A howler monkey skeleton (D:7)
  10 shadow imps
  A white imp (Zig:17)
  2 oozes
  An adder zombie (D:7)
  An adder skeleton (D:9)
  A worm (Lair:4)
  3 leopard geckos
  68 orcs
  3 ball pythons (D:3)
  9 bats
  A bat zombie (Crypt:2)
  9 giant cockroaches
  12 hobgoblins
  21 jackals
  15 kobolds
  2 quokkas
  5 frilled lizards
  12 goblins
  A jackal skeleton (D:6)
  2 quokka skeletons
  2 quokka zombies
  12 rats
  A river rat skeleton (Crypt:1)
  4 crawling corpses (Zig:22)
  2 fungi (Lair:6)
  9 plants
  4 starspawn tentacles
  3 tentacles
3464 creatures vanquished.

Vanquished Creatures (collateral kills)
  A lich (Tomb:1)
  5 sphinxes
  An ironheart preserver (Vaults:1)
  A reaper (Tar:7)
  A yaktaur captain (Zig:18)
  A hydra (D:11)
  A merfolk avatar (Shoals:4)
  An orc high priest (Orc:2)
  3 skeletal warriors (D:12)
  A harpy (Zig:13)
  2 oklob plants (Zig:13)
  A shock serpent skeleton (Tar:7)
  A troll (D:12)
  2 guardian mummies (Tomb:1)
  2 merfolk
  4 flying skulls (Tomb:1)
  2 ushabtiu (Tomb:1)
  A steam dragon (D:11)
  A boggart (D:11)
  A bullfrog (Lair:5)
  A centaur zombie (D:11)
  2 orc priests (Orc:2)
  A jelly (D:12)
  3 mummies (Tomb:1)
  An orc (D:12)
  A kobold (Bailey)
42 creatures vanquished.

Vanquished Creatures (others)
  2 deep elf master archers
  An eldritch tentacle (Zig:21)
  A nagaraja (Zig:19)
  A storm dragon (Zig:20)
  A vault warden (Vaults:4)
  An emperor scorpion (Spider:1)
  A reaper (Tar:5)
  A stone giant (Depths:2)
  A deep elf annihilator (Zig:22)
  5 spark wasps
  4 yaktaur captains
  4 spriggan air magi (Zig:20)
  A satyr (Zig:13)
  A centaur warrior (D:15)
  A dancing weapon (Zig:8)
  A merfolk aquamancer (Shoals:4)
  A naga sharpshooter (Zig:6)
  2 shock serpents (Zig:20)
  A deep elf knight (Elf:1)
  A large abomination (Zig:22)
  A sea snake (Shoals:4)
  10 deep elf archers
  An orb spider (Spider:4)
  2 deep elf magi
  2 slime creatures (Vaults:1)
  A merfolk siren (Zig:13)
  12 yaktaurs
  A hornet (Zig:18)
  A raiju (Zig:20)
  A tarantella (Spider:4)
  2 wraiths (Zig:17)
  3 insubstantial wisps (Zig:20)
  A hell hound (Tar:2)
  A hound (D:11)
  An orc priest (Vaults:2)
  A hell rat (Hell)
  A bush (Lair:2)
  A crawling corpse (Zig:22)
  3 fungi (Lair:6)
  9 plants
  8 starspawn tentacles
  23 tentacles
118 creatures vanquished.

Grand Total: 3624 creatures vanquished

Notes
Turn   | Place    | Note
-------+----------+-------------------------------------------
     0 | D:1      | Ijustatesigmund the Deep Dwarf Fighter began the quest for
                  | the Orb.
     0 | D:1      | Reached XP level 1. HP: 20/20 MP: 1/1
   152 | D:1      | Reached XP level 2. HP: 25/28 MP: 2/2
   777 | D:2      | Noticed a scorpion
   780 | D:2      | Killed a scorpion
   780 | D:2      | Reached XP level 3. HP: 29/36 MP: 3/3
   780 | D:2      | Reached XP level 4. HP: 36/44 MP: 4/4
   799 | D:2      | Found an opulent altar of Gozag.
  1361 | D:3      | Found a glowing drain.
  1379 | Sewer    | Entered a sewer
  1398 | Sewer    | Reached XP level 5. HP: 50/50 MP: 5/5
  1480 | Sewer    | Noticed Purgy
  1486 | Sewer    | Killed Purgy
  1544 | D:3      | Reached skill level 5 in Axes
  1609 | D:3      | Noticed Robin
  1635 | D:3      | Killed Robin
  1641 | D:3      | Reached XP level 6. HP: 50/58 MP: 6/6
  1767 | D:3      | Noticed a sky beast
  1780 | D:3      | Killed a sky beast
  1780 | D:3      | Reached skill level 5 in Fighting
  2053 | D:3      | Found a glowing golden altar of the Shining One.
  2162 | D:3      | Noticed Natasha
  2164 | D:3      | Killed Natasha
  2506 | D:4      | Found a staircase to the Ecumenical Temple.
  2532 | Temple   | Entered the Ecumenical Temple
  2639 | Temple   | Became a worshipper of Makhleb the Destroyer
  2723 | D:4      | Reached XP level 7. HP: 42/67 MP: 7/7
  2778 | D:4      | Reached skill level 1 in Invocations
  3179 | D:5      | Entered Level 5 of the Dungeon
  3224 | D:5      | Found a shadowy altar of Dithmenos.
  3445 | D:5      | Reached XP level 8. HP: 34/76 MP: 8/10
  3450 | D:5      | Reached * piety under Makhleb
  3896 | D:6      | Reached skill level 5 in Invocations
  4424 | D:6      | Noticed Dowan
  4425 | D:6      | Noticed Duvessa
  4435 | D:6      | Killed Duvessa
  4444 | D:6      | Killed Dowan
  4830 | D:7      | Gained mutation: You passively map the area around you.
                  | [Deep Dwarf growth]
  4830 | D:7      | Reached XP level 9. HP: 55/86 MP: 11/13
  4832 | D:7      | Reached ** piety under Makhleb
  6004 | D:8      | Reached *** piety under Makhleb
  6234 | D:9      | Noticed Prince Ribbit
  6271 | D:9      | Killed Prince Ribbit
  6272 | D:9      | Reached skill level 10 in Axes
  6272 | D:9      | Reached XP level 10. HP: 97/98 MP: 14/14
  6306 | D:9      | Noticed a two-headed ogre
  6316 | D:9      | Killed a two-headed ogre
  6428 | D:9      | Reached skill level 10 in Invocations
  6620 | D:9      | Reached skill level 1 in Dodging
  6739 | D:9      | Noticed a skeletal warrior
  6741 | D:9      | Noticed a skeletal warrior
  6762 | D:10     | Entered Level 10 of the Dungeon
  6783 | D:10     | Killed a skeletal warrior
  7056 | D:10     | Found Qunois's Weapon Shoppe.
  7473 | D:10     | Reached **** piety under Makhleb
  7473 | D:10     | Reached skill level 5 in Armour
  7473 | D:10     | Reached skill level 5 in Shields
  7480 | D:10     | Reached XP level 11. HP: 68/106 MP: 17/17
  8336 | D:9      | Killed a skeletal warrior
  8351 | D:9      | Noticed a skeletal warrior
  8352 | D:9      | Noticed a skeletal warrior
  8412 | D:9      | Found Liunam's Jewellery Shop.
  8722 | D:9      | Reached skill level 5 in Dodging
  8796 | D:9      | Killed a skeletal warrior
  8822 | D:9      | Killed a skeletal warrior
  9024 | D:9      | Noticed a two-headed ogre
  9031 | D:9      | Killed a two-headed ogre
  9224 | D:11     | Found a staircase to the Orcish Mines.
  9268 | D:11     | Noticed a purple ugly thing
  9278 | D:11     | Killed a purple ugly thing
  9323 | D:11     | Noticed a six-headed hydra
  9331 | D:11     | Killed a six-headed hydra
  9334 | D:11     | Noticed a two-headed ogre
  9343 | D:11     | Found a staircase to the Lair.
  9392 | D:11     | Noticed an eight-headed hydra
  9407 | D:11     | Killed an eight-headed hydra
  9925 | D:11     | Noticed a two-headed ogre
  9933 | D:11     | Killed a two-headed ogre
  9933 | D:11     | Reached skill level 10 in Fighting
  9933 | D:11     | Reached XP level 12. HP: 9/116 MP: 17/17
 10266 | Lair:1   | Entered Level 1 of the Lair of Beasts
 10569 | Lair:1   | Reached skill level 1 in Evocations
 10682 | Lair:1   | Noticed Grum
 10698 | Lair:1   | Killed Grum
 11090 | Lair:2   | Noticed a four-headed hydra
 11157 | Orc:1    | Entered Level 1 of the Orcish Mines
 11170 | Orc:1    | Noticed Erica
 11206 | Orc:1    | Noticed a two-headed ogre
 11233 | D:11     | Killed a two-headed ogre
 11233 | D:11     | Reached ***** piety under Makhleb
 11244 | Orc:1    | Killed Erica
 11256 | Orc:1    | Reached skill level 5 in Evocations
 11307 | Orc:1    | Noticed Fannar
 11325 | Orc:1    | Killed Fannar
 11329 | Orc:1    | Found a bloodstained altar of Trog.
 11729 | Orc:2    | Entered Level 2 of the Orcish Mines
 11991 | Orc:2    | Noticed a stone giant
 12011 | Orc:2    | Killed a stone giant
 12021 | Orc:2    | Found a staircase to the Elven Halls.
 12155 | Orc:2    | Found an iron altar of Okawaru.
 12206 | Orc:2    | Noticed an orc high priest
 12216 | Orc:2    | Killed an orc high priest
 12225 | Orc:2    | Noticed an orc high priest
 12233 | Orc:2    | Killed an orc high priest
 12234 | Orc:2    | Noticed an orc high priest
 12373 | D:12     | Found Neklam's Antique Weapon Shop.
 12378 | D:12     | Reached XP level 13. HP: 55/127 MP: 15/15
 12463 | D:12     | Found a labyrinth entrance.
 12470 | Lab      | Entered a labyrinth
 12836 | Lab      | Noticed a minotaur
 12850 | Lab      | Killed a minotaur
 13041 | D:12     | Reached skill level 1 in Throwing
 13109 | D:12     | Identified the Reference Book on Dark Secrets and Ice
 13136 | D:12     | Noticed Sonja
 13139 | D:12     | Killed Sonja
 13420 | D:13     | Found a flagged portal.
 13443 | Bailey   | Entered a bailey
 13504 | Bailey   | Found a burning altar of Makhleb.
 13524 | Bailey   | Reached ****** piety under Makhleb
 13693 | D:13     | Noticed Nessos
 13699 | D:13     | Killed Nessos
 13869 | D:13     | Noticed Frances
 13878 | D:13     | Killed Frances
 14049 | D:13     | Got a steaming fustibalus
 14050 | D:13     | Identified the cursed +0 fustibalus "Demonbane" {speed, rF+
                  | rC+} (You found it on level 13 of the Dungeon)
 14179 | D:13     | Identified a scroll of acquirement
 14505 | D:14     | Noticed Josephine
 14518 | D:14     | Killed Josephine
 14724 | D:14     | Gained mutation: You resist negative energy. (rN+) [Deep
                  | Dwarf growth]
 14724 | D:14     | Reached XP level 14. HP: 123/135 MP: 16/16
 14844 | D:14     | HP: 3/135 [fire dragon/blast of flame (25)]
 15075 | D:14     | Found a gate to the Vaults.
 15082 | D:14     | Reached skill level 5 in Throwing
 15355 | D:14     | Found a blossoming altar of Fedhas.
 15504 | D:14     | Found Pum Deuny's Armour Shoppe.
 15731 | D:15     | Entered Level 15 of the Dungeon
 15811 | D:15     | Reached skill level 10 in Armour
 15812 | D:15     | Reached skill level 10 in Shields
 15844 | D:15     | Found a staircase to the Depths.
 15918 | D:15     | Found the +9 scales of the Dragon King {rPois rF+ rC+ MR+}
 16072 | D:14     | Bought the cursed +0 large shield "Enetapp" {SInv} for 177
                  | gold pieces
 16308 | Orc:2    | Found Leps's General Store.
 16308 | Orc:2    | Found Nigenger's Magic Scroll Emporium.
 16309 | Orc:2    | Found Geisch's Jewellery Emporium.
 16312 | Orc:2    | Found Hubbil's Weapon Shoppe.
 16324 | Orc:2    | Bought a scroll of holy word for 105 gold pieces
 17172 | Lair:2   | Reached XP level 15. HP: 142/142 MP: 16/16
 17739 | Lair:3   | Found a staircase to the Shoals.
 17889 | Lair:3   | Noticed Snorg
 17910 | Lair:3   | Killed Snorg
 18199 | Lair:4   | Found a hole to the Spider Nest.
 19102 | Lair:5   | Reached skill level 10 in Dodging
 19655 | Lair:6   | Entered Level 6 of the Lair of Beasts
 20430 | Lair:6   | Found a staircase to the Slime Pits.
 20431 | Lair:6   | Found a viscous altar of Jiyva.
 20762 | Spider:1 | Entered Level 1 of the Spider Nest
 21709 | Shoals:1 | Entered Level 1 of the Shoals
 22020 | Shoals:2 | Reached XP level 16. HP: 154/154 MP: 19/19
 22253 | Shoals:3 | Reached skill level 15 in Invocations
 22379 | Shoals:4 | Entered Level 4 of the Shoals
 22381 | Shoals:4 | Upgraded the game from 0.23-a0-130-g0e7800e to
                  | 0.23-a0-136-g722f094
 22683 | Shoals:4 | Reached skill level 15 in Axes
 23422 | Shoals:4 | Noticed a kraken
 23498 | Shoals:4 | Killed a kraken
 23518 | Shoals:4 | Got a barnacled rune of Zot
 24501 | Vaults:1 | Entered Level 1 of the Vaults
 24638 | Vaults:1 | Reached XP level 17. HP: 164/164 MP: 21/21
 24811 | Vaults:1 | Noticed a Tzitzimitl
 24974 | Vaults:1 | Reached skill level 10 in Evocations
 25310 | Vaults:1 | Found Sento's General Store.
 25383 | Vaults:1 | Found Ymoisyme's Distillery.
 25391 | Vaults:1 | Bought a potion of curing for 48 gold pieces
 25391 | Vaults:1 | Bought a potion of curing for 48 gold pieces
 25391 | Vaults:1 | Bought a potion of curing for 48 gold pieces
 25403 | Vaults:1 | Found Fuuh's Distillery.
 25406 | Vaults:1 | Found Fumim's Weapon Shop.
 25411 | Vaults:1 | Bought a potion of ambrosia for 120 gold pieces
 25411 | Vaults:1 | Bought a potion of ambrosia for 120 gold pieces
 25411 | Vaults:1 | Bought a potion of heal wounds for 75 gold pieces
 25473 | Vaults:1 | Found Hiwup's Weapon Shop.
 26156 | Vaults:2 | Noticed Frederick
 26407 | Vaults:2 | Found a runed gate.
 26408 | Vaults:2 | Found a runed gate.
 26408 | Vaults:2 | Found a runed gate.
 26409 | Vaults:2 | Noticed Exkageocw's ghost (adept DECj)
 26413 | Vaults:2 | Found an iron altar of Okawaru.
 26431 | Vaults:2 | Reached skill level 15 in Evocations
 26441 | Vaults:2 | Killed Exkageocw's ghost
 26484 | Vaults:2 | Gained mutation: You passively map a large area around you.
                  | [Deep Dwarf growth]
 26484 | Vaults:2 | Reached XP level 18. HP: 174/174 MP: 21/21
 27012 | Vaults:2 | Killed Frederick
 27879 | Vaults:3 | Found a staircase to the Crypt.
 28262 | Vaults:3 | Reached XP level 19. HP: 182/182 MP: 23/23
 29101 | Vaults:4 | Found Gaesok's Assorted Antiques.
 29107 | Vaults:4 | Bought a wavering granite ring for 145 gold pieces
 29108 | Vaults:4 | Identified the ring "Xenoet" {MR+ Int+5} (You bought it in
                  | a shop on level 4 of the Vaults)
 29995 | Vaults:4 | Got a bloodstained hand axe
 29996 | Vaults:4 | Identified the +3 hand axe of Xuffesm {drain, +Rage rElec
                  | Int-3} (You acquired it on level 4 of the Vaults)
 30054 | Vaults:4 | Reached skill level 15 in Fighting
 30278 | Vaults:4 | Found a runed door.
 30280 | Vaults:4 | Noticed Qagip's ghost (veteran GrEE)
 30330 | Vaults:4 | Killed Qagip's ghost
 30818 | Elf:1    | Entered Level 1 of the Elven Halls
 31486 | Elf:1    | Reached XP level 20. HP: 194/194 MP: 24/24
 31638 | Elf:2    | Found Hoprom's Distillery.
 31646 | Elf:2    | Bought a potion of heal wounds for 70 gold pieces
 31646 | Elf:2    | Bought a potion of heal wounds for 70 gold pieces
 31646 | Elf:2    | Bought a potion of might for 56 gold pieces
 31646 | Elf:2    | Bought 3 potions of curing for 126 gold pieces
 31938 | Elf:2    | Found a runed door.
 31941 | Elf:2    | Noticed Utuikhli's ghost (adept MiFi)
 31987 | Elf:2    | Killed Utuikhli's ghost
 32265 | Elf:2    | Found a huge runed gate.
 32271 | Elf:2    | Found a huge runed gate.
 32272 | Elf:2    | Found a huge runed gate.
 32274 | Elf:2    | Found a huge runed gate.
 32274 | Elf:2    | Found a huge runed gate.
 32620 | Elf:3    | Entered Level 3 of the Elven Halls
 33139 | Elf:3    | Found a roughly hewn altar of Beogh.
 33519 | Elf:3    | Reached XP level 21. HP: 167/206 MP: 26/26
 33609 | Elf:3    | Found the +6 arbalest "Damnation" {damnation}
 34496 | Spider:2 | Found a runed gate.
 34496 | Spider:2 | Found a runed gate.
 34496 | Spider:2 | Found a runed gate.
 34496 | Spider:2 | Noticed Zuproetha's ghost (adept DsWn)
 34596 | Spider:2 | Killed Zuproetha's ghost
 34883 | Spider:3 | Noticed Nikola
 34900 | Spider:3 | Killed Nikola
 35474 | Spider:4 | Entered Level 4 of the Spider Nest
 35517 | Spider:4 | Noticed Arachne
 35552 | Spider:4 | Killed Arachne
 35590 | Spider:4 | Noticed Louise
 35606 | Spider:4 | Killed Louise
 36057 | Spider:4 | Got a gossamer rune of Zot
 36343 | D:11     | Upgraded the game from 0.23-a0-136-g722f094 to
                  | 0.23-a0-137-gef0ad6d
 36664 | D:15     | Found a hide-covered altar of Uskayaw.
 36893 | Depths:1 | Entered Level 1 of the Depths
 36893 | Depths:1 | Found a runed gate.
 37059 | Depths:1 | Reached XP level 22. HP: 218/218 MP: 27/27
 37202 | Depths:1 | Found a one-way gate leading to the halls of Pandemonium.
 37432 | Depths:1 | Found a runed gate.
 37432 | Depths:1 | Found a runed gate.
 37432 | Depths:1 | Noticed emperorscorpion's ghost (journeyman MfBe)
 37432 | Depths:1 | Noticed an ancient lich
 37433 | Depths:1 | Noticed an ancient lich
 37464 | Depths:1 | Killed an ancient lich
 37474 | Depths:1 | Killed an ancient lich
 37496 | Depths:1 | Killed emperorscorpion's ghost
 37723 | Depths:1 | Found a gateway to Hell.
 38284 | Depths:2 | Noticed a golden dragon
 38349 | Depths:2 | Killed a golden dragon
 38889 | Depths:2 | Found a gateway to a ziggurat.
 39673 | Depths:3 | Reached XP level 23. HP: 225/225 MP: 28/28
 39683 | Depths:3 | Reached skill level 15 in Shields
 39744 | Depths:3 | Identified the ring of Insomnia {rElec Dex+4 SInv} (You
                  | found it on level 3 of the Depths)
 41141 | Vaults:5 | Entered Level 5 of the Vaults
 41160 | Vaults:5 | Noticed an ancient lich
 41163 | Vaults:5 | Noticed Mara
 41181 | Vaults:5 | Killed an ancient lich
 41203 | Vaults:5 | Killed Mara
 41387 | Vaults:5 | Found the +7 Singing Sword
 41750 | Vaults:5 | Noticed an ancient lich
 41764 | Vaults:5 | Killed an ancient lich
 41769 | Vaults:5 | Reached XP level 24. HP: 237/237 MP: 29/29
 41806 | Vaults:5 | Gained mutation: You are partially covered in large bone
                  | plates. (SH +4) [potion of mutation]
 41806 | Vaults:5 | Gained mutation: Your muscles are strong. (Str +2) [potion
                  | of mutation]
 41806 | Vaults:5 | Gained mutation: You are somewhat resistant to further
                  | mutation. [potion of mutation]
 41978 | Vaults:5 | Noticed an ancient lich
 41998 | Vaults:5 | Cast into level 5 of the Abyss (an ancient lich)
 41998 | Abyss:5  | Entered Level 5 of the Abyss
 42184 | Vaults:5 | Escaped the Abyss
 42195 | Vaults:5 | Found Finun's Jewellery Boutique.
 42201 | Vaults:5 | Noticed an ancient lich
 42224 | Vaults:5 | Killed an ancient lich
 42269 | Vaults:5 | Killed an ancient lich
 42414 | Vaults:5 | Found Zaath's Antique Armour Shoppe.
 42419 | Vaults:5 | Bought a warped buckler for 323 gold pieces
 42419 | Vaults:5 | Bought a pair of runed boots for 255 gold pieces
 42419 | Vaults:5 | Identified the +2 buckler of Happiness {Str+6 Int+2 Dex-5}
                  | (You bought it in a shop on level 5 of the Vaults)
 42429 | Vaults:5 | Got a silver rune of Zot
 42557 | Vaults:5 | Identified Onker's Almanac of Excruciating Boosts
 42870 | Vaults:1 | Bought a potion of mutation for 128 gold pieces
 42870 | Vaults:1 | Bought a potion of might for 64 gold pieces
 42870 | Vaults:1 | Bought a potion of resistance for 160 gold pieces
 42878 | Vaults:1 | Got a smoking broad axe
 42879 | Vaults:1 | Identified the +8 broad axe of Itabin {chop, rElec rC+ rN+
                  | Str-5 Dex+2} (You acquired it on level 1 of the Vaults)
 43017 | Crypt:1  | Entered Level 1 of the Crypt
 43888 | Crypt:1  | Found the amulet of the Four Winds {rN+ MR+++ Clar}
 44364 | Crypt:2  | Reached XP level 25. HP: 248/249 MP: 30/30
 44602 | Crypt:3  | Entered Level 3 of the Crypt
 45032 | Crypt:3  | Found an ancient bone altar of Kikubaaqudgha.
 45032 | Crypt:3  | Noticed an ancient lich
 45049 | Crypt:3  | Killed an ancient lich
 45082 | Crypt:3  | Found a staircase to the Tomb.
 45356 | Crypt:3  | Identified the amulet "Fedol" {Reflect +Inv rN+++ Int-3
                  | Dex-5 SH+4} (You found it on level 3 of the Crypt)
 45762 | Tomb:1   | Entered Level 1 of the Tomb of the Ancients
 46100 | Tomb:1   | Noticed a greater mummy
 46101 | Tomb:1   | Noticed a greater mummy
 46117 | Tomb:1   | Killed a greater mummy
 46125 | Tomb:1   | Killed a greater mummy
 46989 | Hell     | Entered the Vestibule of Hell
 46989 | Hell     | Noticed Geryon
 47094 | Hell     | Killed Geryon
 47154 | Hell     | Found a gateway to the decaying netherworld of Tartarus.
 47210 | Hell     | Found a gateway to the ashen valley of Gehenna.
 47411 | Hell     | Found a gateway to the Iron City of Dis.
 47499 | Hell     | Found a gateway to the freezing wastes of Cocytus.
 47663 | Tar:1    | Entered Level 1 of Tartarus
 47825 | Tar:1    | Reached XP level 26. HP: 260/260 MP: 30/30
 48748 | Tar:4    | Reached skill level 10 in Throwing
 49353 | Tar:7    | Entered Level 7 of Tartarus
 49422 | Tar:7    | Got a heavily runed marble ring
 49424 | Tar:7    | Identified a ring of Bisozyfi {Ice rPois rN+ Str+3} (You
                  | found it on level 7 of Tartarus)
 49839 | Tar:7    | Got a flickering glass ring
 49841 | Tar:7    | Identified the ring "Mexea" {*Drain rPois MR++ MP+9 Stlth+}
                  | (You found it on level 7 of Tartarus)
 49975 | Tar:7    | Reached XP level 27. HP: 262/273 MP: 30/30
 50008 | Tar:7    | Noticed Ereshkigal
 50317 | Tar:7    | Killed Ereshkigal
 50649 | Tar:7    | Identified the cursed +1 plate armour of Satisfaction
                  | {Dex+4 Stlth+} (You found it on level 7 of Tartarus)
 50655 | Tar:7    | Learned a level 2 spell: Song of Slaying
 50703 | Tar:7    | Reached skill level 1 in Charms
 50727 | Tar:7    | Got a bone rune of Zot
 50982 | Depths:4 | Found a shattered altar of Ashenzari.
 51096 | Depths:4 | Reached skill level 5 in Charms
 51555 | Depths:5 | Entered Level 5 of the Depths
 51718 | Depths:5 | Found a gate to the Realm of Zot.
 51978 | Depths:5 | Found a one-way gate to the infinite horrors of the Abyss.
 52067 | Depths:5 | Reached skill level 10 in Charms
 52533 | Zot:1    | Entered Level 1 of the Realm of Zot
 53613 | Zot:2    | Upgraded the game from 0.23-a0-137-gef0ad6d to
                  | 0.23-a0-139-ga22e90c
 54235 | Zot:2    | Found a runed gate.
 54235 | Zot:2    | Found a runed gate.
 54235 | Zot:2    | Found a runed gate.
 54237 | Zot:2    | Noticed Cuunt's ghost (legendary KoHu)
 54266 | Zot:2    | Killed Cuunt's ghost
 55354 | Zot:4    | Noticed an orb of fire
 55370 | Zot:4    | Killed an orb of fire
 55421 | Zot:4    | Reached skill level 15 in Armour
 55624 | Zot:4    | Identified the +9 plate armour of the Trout {rF- rN+ Int+8}
                  | (You found it on level 4 of the Realm of Zot)
 55685 | Zot:4    | Reached skill level 15 in Dodging
 56065 | Zot:4    | Identified the +4 plate armour of Eshrar {Int+4} (You found
                  | it on level 4 of the Realm of Zot)
 56251 | Zot:5    | Entered Level 5 of the Realm of Zot
 57139 | Zot:5    | Noticed an orb of fire
 57152 | Zot:5    | Noticed an orb of fire
 57160 | Zot:5    | Gained mutation: Armour fits poorly on your strangely
                  | shaped body. [an orb of fire]
 57166 | Zot:5    | Gained mutation: You are frail. (-10% HP) [an orb of fire]
 57168 | Zot:5    | Killed an orb of fire
 57171 | Zot:5    | Killed an orb of fire
 57197 | Zot:5    | Noticed an ancient lich
 57198 | Zot:5    | Noticed an orb of fire
 57217 | Zot:5    | Killed an ancient lich
 57225 | Zot:5    | Killed an orb of fire
 57236 | Zot:5    | Noticed an orb of fire
 57255 | Zot:5    | Killed an orb of fire
 57262 | Zot:5    | Lost mutation: Armour fits poorly on your strangely shaped
                  | body. [potion of mutation]
 57262 | Zot:5    | Lost mutation: You are frail. (-10% HP) [potion of
                  | mutation]
 57262 | Zot:5    | Lost mutation: Your muscles are strong. (Str +2) [potion of
                  | mutation]
 57262 | Zot:5    | Gained mutation: You are resistant to electric shocks.
                  | (rElec) [potion of mutation]
 57301 | Zot:5    | Noticed an orb of fire
 57315 | Zot:5    | Killed an orb of fire
 57374 | Zot:5    | Noticed an orb of fire
 57389 | Zot:5    | Noticed an orb of fire
 57403 | Zot:5    | Killed an orb of fire
 57418 | Zot:5    | Gained mutation: Armour fits poorly on your strangely
                  | shaped body. [an orb of fire]
 57420 | Zot:5    | Killed an orb of fire
 58058 | Zig:1    | Entered Level 1 of a ziggurat
 58082 | Zig:2    | Entered Level 2 of a ziggurat
 58117 | Zig:3    | Entered Level 3 of a ziggurat
 58167 | Zig:4    | Entered Level 4 of a ziggurat
 58220 | Zig:4    | Identified the +2 war axe of the Valley of Death {chop,
                  | +Inv} (You found it on level 4 of a ziggurat)
 58229 | Zig:5    | Entered Level 5 of a ziggurat
 58288 | Zig:6    | Entered Level 6 of a ziggurat
 58329 | Zig:6    | Identified the ring "Xangumel" {rElec rF+ rC+ Dex+2 Slay+2}
                  | (You found it on level 6 of a ziggurat)
 58347 | Zig:7    | Entered Level 7 of a ziggurat
 58409 | Zig:8    | Entered Level 8 of a ziggurat
 58453 | Zig:8    | Got a coiled steel ring
 58456 | Zig:8    | Identified the ring "Saatt" {rCorr rF+} (You found it on
                  | level 8 of a ziggurat)
 58460 | Zig:9    | Entered Level 9 of a ziggurat
 58510 | Zig:9    | Identified the Almanac of the Secret Places
 58529 | Zig:10   | Entered Level 10 of a ziggurat
 58545 | Zig:10   | Noticed a greater mummy
 58560 | Zig:10   | Noticed a greater mummy
 58567 | Zig:10   | Killed a greater mummy
 58577 | Zig:10   | Killed a greater mummy
 58610 | Zig:10   | Got a glittering pewter ring
 58611 | Zig:10   | Identified the ring of the Turtledove {rElec Stlth+} (You
                  | found it on level 10 of a ziggurat)
 58614 | Zig:10   | Identified the Reference Book on the Entourage and the
                  | Snowflakes
 58616 | Zig:10   | Identified the Reference Book on Summoning and Protection
 58639 | Zig:10   | Learned a level 3 spell: Vampiric Draining
 58641 | Zig:11   | Entered Level 11 of a ziggurat
 58653 | Zig:11   | Reached skill level 1 in Necromancy
 58817 | Zig:11   | Identified the Volume of Aid and Weightlessness
 58821 | Zig:12   | Entered Level 12 of a ziggurat
 58831 | Zig:12   | Gained mutation: You are dopey. (Int -2) [a neqoxec]
 58832 | Zig:12   | Paralysed by accursed screaming for 2 turns
 58839 | Zig:12   | Reached skill level 5 in Necromancy
 58848 | Zig:12   | Paralysed by accursed screaming for 2 turns
 58855 | Zig:12   | Paralysed by accursed screaming for 2 turns
 58906 | Zig:12   | Got a transparent copper ring
 58907 | Zig:12   | Identified the ring of Nilepiru {Wiz MR+ Str-2 Slay+5} (You
                  | found it on level 12 of a ziggurat)
 58911 | Zig:13   | Entered Level 13 of a ziggurat
 58927 | Zig:13   | Reached skill level 1 in Spellcasting
 58932 | Zig:13   | Found the +2 pair of boots of the Assassin {Detection Stab+
                  | Stlth++}
 59054 | Zig:13   | Identified Zuogulid's Incunabulum of Transmutation
 59158 | Zig:14   | Entered Level 14 of a ziggurat
 59263 | Zig:14   | Reached skill level 5 in Spellcasting
 59263 | Zig:14   | Reached skill level 10 in Necromancy
 59280 | Zig:15   | Entered Level 15 of a ziggurat
 59459 | Zig:16   | Entered Level 16 of a ziggurat
 59470 | Zig:16   | Noticed an ancient lich
 59502 | Zig:16   | Killed an ancient lich
 59513 | Zig:16   | Found the +8 orange crystal plate armour {Archmagi, Int+3
                  | Clar}
 59541 | Zig:17   | Entered Level 17 of a ziggurat
 59617 | Zig:17   | Identified the amulet of Poukea {Gourm rC+ SInv} (You found
                  | it on level 17 of a ziggurat)
 59618 | Zig:17   | Identified the Grimoire of the Oath
 59625 | Zig:17   | Identified the ring of Qudoir {rElec Str+4 Stlth+} (You
                  | found it on level 17 of a ziggurat)
 59628 | Zig:17   | Got a glittering lead ring
 59631 | Zig:17   | Identified the ring of the Lich-sworn {*Drain MP+9 Dex+4
                  | SInv} (You found it on level 17 of a ziggurat)
 59644 | Zig:18   | Entered Level 18 of a ziggurat
 59654 | Zig:18   | Noticed an ancient lich
 59666 | Zig:18   | Killed an ancient lich
 59678 | Zig:18   | Reached skill level 10 in Spellcasting
 59720 | Zig:18   | Identified Cigotuvi's Catalogue of Shifting Stolen Souls
 59831 | Zig:19   | Entered Level 19 of a ziggurat
 59842 | Zig:19   | Noticed an ancient lich
 59847 | Zig:19   | Noticed an ancient lich
 59850 | Zig:19   | Noticed an ancient lich
 59858 | Zig:19   | Reached skill level 15 in Necromancy
 59871 | Zig:19   | Killed an ancient lich
 59883 | Zig:19   | Killed an ancient lich
 59885 | Zig:19   | Killed an ancient lich
 59978 | Zig:20   | Entered Level 20 of a ziggurat
 60066 | Zig:20   | Got a crude shield
 60072 | Zig:20   | Identified the +0 shield of Neylonoa {rF+ MR+ Str+4} (You
                  | found it on level 20 of a ziggurat)
 60092 | Zig:20   | Got a faintly glowing bone ring
 60093 | Zig:20   | Identified the ring "Forihur" {Str+3 Stlth+} (You found it
                  | on level 20 of a ziggurat)
 60096 | Zig:20   | Got a pitted diamond amulet
 60097 | Zig:20   | Identified the amulet of Surprise {+Rage rPois rC- rN+
                  | Int+3 SInv} (You found it on level 20 of a ziggurat)
 60103 | Zig:21   | Entered Level 21 of a ziggurat
 60122 | Zig:21   | Noticed Muel the pandemonium lord
 60126 | Zig:21   | Noticed Soenunk the pandemonium lord
 60131 | Zig:21   | Noticed Vuwum the pandemonium lord
 60132 | Zig:21   | Noticed Otiamo the pandemonium lord
 60132 | Zig:21   | Noticed Diadwan the pandemonium lord
 60134 | Zig:21   | Noticed Sixobrut the pandemonium lord
 60135 | Zig:21   | Noticed Niesun the pandemonium lord
 60144 | Zig:21   | Noticed Icwob the pandemonium lord
 60148 | Zig:21   | Killed Diadwan the pandemonium lord
 60149 | Zig:21   | Noticed Cueriur the pandemonium lord
 60156 | Zig:21   | Noticed Pevvymor the pandemonium lord
 60160 | Zig:21   | Killed Soenunk the pandemonium lord
 60170 | Zig:21   | Killed Vuwum the pandemonium lord
 60176 | Zig:21   | Killed Pevvymor the pandemonium lord
 60192 | Zig:21   | Killed Muel the pandemonium lord
 60197 | Zig:21   | Paralysed by a floating eye for 2 turns
 60206 | Zig:21   | Killed Niesun the pandemonium lord
 60218 | Zig:21   | Killed Cueriur the pandemonium lord
 60229 | Zig:21   | Killed Otiamo the pandemonium lord
 60238 | Zig:21   | Noticed a juggernaut
 60238 | Zig:21   | a titan changed into a juggernaut
 60239 | Zig:21   | a juggernaut changed into a titan
 60253 | Zig:21   | Killed Sixobrut the pandemonium lord
 60257 | Zig:21   | Killed Icwob the pandemonium lord
 60381 | Zig:22   | Entered Level 22 of a ziggurat
 60401 | Zig:22   | Reached skill level 27 in Invocations
 60415 | Zig:22   | Reached skill level 1 in Stealth
 60419 | Zig:22   | Reached skill level 27 in Fighting
 60444 | Zig:22   | Reached skill level 5 in Stealth
 60480 | Zig:22   | Found the +2 shield of Resistance {rF+ rC+ MR+}
 60505 | Zig:22   | Identified Sif Muna's Grimoire of Unstable Toxins
 60539 | Zig:22   | Learned a level 1 spell: Apportation
 60541 | Zig:23   | Entered Level 23 of a ziggurat
 60553 | Zig:23   | Noticed a greater mummy
 60556 | Zig:23   | Noticed a greater mummy
 60557 | Zig:23   | Noticed a greater mummy
 60562 | Zig:23   | Noticed a greater mummy
 60564 | Zig:23   | Noticed a greater mummy
 60565 | Zig:23   | Reached skill level 1 in Translocations
 60572 | Zig:23   | Noticed a greater mummy
 60578 | Zig:23   | Mangled by a juggernaut skeleton

Vault maps used:
D:1:      giann_horns
D:2:      first_ration, grunt_gozag_breadcrumbs
D:3:      gup_sewer_entry_bubbles, minmay_tree_intersection,
          nicolae_tso_carved_into_rock, uniq_natasha, uniq_robin
D:4:      minmay_temple_entry_large_hall, grunt_decor_cap
D:5:      grunt_dithmenos_smoke_and_mirrors
D:6:      uniq_duvessa
D:9:      serial_shops, shop, grunt_livestock, uniq_prince_ribbit1
D:10:     serial_shops, nicolae_shop_trees, minivault_5, minivault_22
D:11:     david_lair_shrubbed, orc_0_dummy, serial_co_window_serial,
          co_window_of_opportunity_a, co_window_paths_a,
          co_window_of_opportunity_a, co_window_corner_a, co_window_cross_1,
          co_window_2corner, co_window_of_opportunity_c, co_window_corner_cb,
          co_window_cross_3, co_window_corner_b, co_window_of_opportunity_c,
          co_window_broadway_b, co_window_4corner_b, glass_columns_a,
          glass_columns_a
D:12:     lab_entry_generic, serial_shops, kennysheep_mini, uniq_sonja
D:13:     enter_bailey_2, uniq_nessos, uniq_frances
D:14:     erik_vaults_2, fedhas_altar_2, serial_shops, nicolae_shop_waterfront,
          minmay_misc_feat_columns, minivault_7, uniq_josephine
D:15:     hangedman_depths_entry_civil_slaughter, serial_park_gazebo,
          minmay_misc_feat_encased
Temple:   kilobyte_greek_temple
Lair:1:   uniq_grum
Lair:2:   grunt_megastairs_3, infiniplex_staircase_pool
Lair:3:   shoals_dummy_entry, uniq_snorg
Lair:4:   nicolae_spider_entry_non_spiders
Lair:5:   lemuel_fruit_tree
Lair:6:   minmay_lair_end_enchanted_forest, slime_altar_1, lookout_lair_type
Shoals:3: nicolae_shoals_mertower
Shoals:4: shoals_end_hangedman, nicolae_shoals_water_shrine
Spider:2: gammafunk_ghost_necromancy, spider_trap, guppyfry_spider_mini_3
Spider:3: nicolae_spider_mines_1, uniq_nikola
Spider:4: grunt_spider_rune_parallel, uniq_arachne, uniq_louise
Orc:1:    basic_altar, uniq_fannar, uniq_erica
Orc:2:    st_orc_mages, okawaru_metal_pillars_3
Elf:1:    evilmike_minifort
Elf:2:    serial_shops, shop, ebering_ghost_reflecting_pool, sword_in_stone
Elf:3:    minmay_elf_hall_dome, special_room
Vaults:1: ontoclasm_vaults_chip, grunt_vaults_hallway_short,
          vaults_room_corners, v_pattern_2, ontoclasm_vaults_eye,
          v_alt_pattern_2, nicolae_vaults_mini_display_case, vaults_room_pool,
          vaults_dpeg_ring, vaults_dpeg_diagonal, serial_shops,
          nicolae_shop_temple_entry_statues_fountains, shop, shop, shop,
          nicolae_shop_temple_entry_statues_fountains
Vaults:2: gammafunk_vaults_ghost_fury_of_okawaru, vaults_room_door_ring,
          v_misc_2, nicolae_vaults_little_squares_5, v_misc_3, v_rooms_6,
          ontoclasm_vaults_hangar, v_pattern_4, nicolae_vaults_shelves_hall,
          ontoclasm_vaults_chip, ontoclasm_vaults_twist, serial_glass,
          uniq_frederick
Vaults:3: v_misc_27, minmay_crypt_entry_simple_walls, v_misc_10, v_misc_31,
          nicolae_vaults_network_quinsquares, v_misc_22, vaults_room_hallway,
          grunt_vaults_bifocal, ontoclasm_vaults_bender, serial_ice_g,
          nicolae_vaults_specimen_jars, dpeg_vaults_monster_box, v_misc_19
Vaults:4: ebering_vaults_ghost_reflecting_pool, nicolae_vaults_little_ls,
          st_hourglassy, ontoclasm_vaults_gateway, v_misc_12,
          grunt_vaults_twisty, v_alt_pattern_3, nicolae_vaults_theta,
          nicolae_vaults_yaktaur_gun_rack, vaults_room_ringed_pool,
          vaults_mumra_minichess, hangedman_vaults_stretched_pinwheel,
          vaults_room_stairs_pillars, dpeg_vaults_monster_row,
          vaults_room_door_ring, serial_shops, nicolae_shop_overgrown_old_shop
Vaults:5: uniq_mara
Crypt:1:  statuecave_lemuel, st_stairs_9, hangedman_batty
Crypt:3:  cryptofortress_bobbens
Depths:1: grunt_hell_entry_dis_mu, serial_sigils_hangedman_gut,
          gammafunk_ghost_necromancy, rand_demon_pan_entry_3, minmay_metal_thing
Depths:2: grunt_deathspiral_small, enter_ziggurat_e, grunt_hell_horde,
          roderic_lattice_a, hangedman_decor_slide_cut
Depths:3: minmay_cut_squares, serial_sigils_hangedman_etch, hell_entry,
          rand_demon_pan_entry_9, infiniplex_staircase_star
Depths:4: hangedman_arrow_trap, marbit_kobold_abyss_entry,
          pf_hell_entry_tar_river, ashenzari_altar_1
Depths:5: grunt_bruiser_brothers, minmay_misc_feat_alley, abyss_entry,
          serial_shops, shop, rand_demon_pan_entry_5, hangedman_coc_ice_floe
Tar:4:    nicolae_tar_cuneiform_sun
Tar:7:    tar_grunt_cathedral
Zot:2:    kennysheep_blocky_room, ebering_ghost_rock_garden
Zot:4:    kennysheep_oblong_rooms
Abyss:5:  minivault_28, evilmike_abyss_rune_ettins
Zig:10:   ziggurat_pillar_centre_dead_trees
Zig:13:   ziggurat_pillar_centre_oklobs
Zig:22:   ziggurat_pillar_centre_smoke
Lab:      labyrinth_mini_lab, nicolae_lab_arrow, labyrinth_skeletal_remains,
          nicolae_lab_lava, lab_statue, nicolae_lab_starburst,
          nicolae_lab_checkerboard, labyrinth_lava_lair
Sewer:    kennysheep_door_sewer
Bailey:   bailey_axe_3, bailey

Skill      XL: |  1  2  3  4  5  6  7  8  9 10 11 12 13 14 15 16 17 18 19 20 21 22 23 24 25 26 27 |
---------------+----------------------------------------------------------------------------------+-----
Fighting       | 3 4 5 6 7 8 9 10 11 12 13 14 15 16 17 18 19 20 21 27 | 27.0
Axes           | 3 4 5 6 7 8 10 11 13 14 15 16 17 18 19 20 22 23 26 | 26.1
Invocations    | 4 6 9 11 12 13 14 16 17 18 20 21 23 24 25 27 | 27.0
Dodging        | 3 5 7 9 10 11 13 17 | 17.7
Armour         | 5 6 8 10 11 13 14 18 | 18.1
Shields        | 5 6 8 10 12 14 15 18 | 18.8
Evocations     | 7 8 15 19 20 22 | 22.9
Throwing       | 4 6 8 12 | 12.1
Charms         | 14 | 14.3
Necromancy     | 15 | 15.7
Spellcasting   | 11 | 11.4
Stealth        | 7 |  7.7
Translocations | 3 |  3.0

Action                   |  1- 3 |  4- 6 |  7- 9 | 10-12 | 13-15 | 16-18 | 19-21 | 22-24 | 25-27 || total
-------------------------+-------+-------+-------+-------+-------+-------+-------+-------+-------++-------
Melee: War axe           |    75 |   176 |   363 |   559 |  1401 |  1472 |  1725 |  1251 |       ||  7022
       Morningstar       |       |       |       |       |    23 |       |       |       |       ||    23
       Broad axe         |       |       |       |       |       |       |       |   307 |  4126 ||  4433
Throw: Javelin           |     4 |     2 |    22 |    58 |    68 |       |    10 |    23 |    83 ||   270
 Cast: Song of Slaying   |       |       |       |       |       |       |       |       |    20 ||    20
       Vampiric Draining |       |       |       |       |       |       |       |       |     1 ||     1
Invok: Major Destruction |       |       |       |     4 |     6 |       |       |       |     2 ||    12
       Lesser Servant of |       |       |       |     3 |     4 |     2 |     1 |     1 |       ||    11
       Greater Servant o |       |       |       |       |     1 |       |     1 |       |     8 ||    10
 Abil: Heal Wounds       |       |     1 |     6 |    18 |     9 |     3 |       |       |     7 ||    44
Evoke: Wand              |       |       |       |    24 |    35 |    28 |    11 |     1 |    16 ||   115
       Horn of Geryon    |       |       |       |       |       |       |       |       |     2 ||     2
  Use: Scroll            |     6 |     4 |     7 |     7 |    16 |    11 |    11 |    13 |    45 ||   120
       Potion            |       |     3 |       |    12 |     6 |     6 |     2 |    12 |    41 ||    82
 Stab: Distracted        |       |       |       |     1 |     2 |     2 |     3 |       |     5 ||    13
       Held in net/web   |       |       |       |       |       |       |     2 |       |       ||     2
       Invisible         |       |       |       |       |       |       |       |       |     4 ||     4
  Eat: Chunk             |       |     5 |     6 |    14 |    10 |     9 |    14 |     6 |     3 ||    67
       Ration            |       |     1 |     1 |     2 |     7 |     4 |     5 |     6 |    18 ||    44
Armor: Scale mail        |    26 |    74 |       |       |       |       |       |       |       ||   100
       Chain mail        |       |    21 |   148 |   164 |   193 |       |       |       |       ||   526
       Skin              |       |       |       |     5 |       |       |       |       |       ||     5
       Gold dragon scale |       |       |       |       |   505 |   593 |   773 |   617 |  1828 ||  4316
Dodge: Dodged            |    41 |    75 |    86 |   180 |   470 |   292 |   372 |   372 |  1307 ||  3195
Block: Shield            |    40 |   112 |   197 |   327 |   403 |       |       |   785 |  3950 ||  5814
       Large shield      |       |       |       |       |   910 |  1453 |  1630 |   664 |       ||  4657
       Reflection        |       |       |       |       |       |    90 |   101 |    56 |   113 ||   360

Table legend:
 A = Non-vault XP
 B = Vault XP
 C = Vault XP percentage of total XP
 D = Non-vault monster count
 E = Vault monster count
 F = Vault count percentage of total count
                 A         B        C        D         E       F
            +---------+---------+-------+---------+---------+-------
      Total | 1742663 | 1030786 |  37.2 |    2468 |    1070 |  30.2
            +---------+---------+-------+---------+---------+-------
        D:1 |      35 |       0 |   0.0 |      22 |       0 |   0.0
        D:2 |     106 |       0 |   0.0 |      11 |       0 |   0.0
        D:3 |     257 |     116 |  31.1 |      21 |      18 |  46.2
        D:4 |     239 |       0 |   0.0 |      11 |       0 |   0.0
        D:5 |     937 |       0 |   0.0 |      24 |       0 |   0.0
        D:6 |     626 |     214 |  25.5 |      31 |       2 |   6.1
        D:7 |     971 |       0 |   0.0 |      28 |       0 |   0.0
        D:8 |     554 |       0 |   0.0 |      29 |       0 |   0.0
        D:9 |    7209 |    1284 |  15.1 |      32 |       6 |  15.8
       D:10 |    4598 |       0 |   0.0 |      37 |       0 |   0.0
       D:11 |    7188 |     361 |   4.8 |      35 |       1 |   2.8
       D:12 |    5725 |     795 |  12.2 |      32 |       1 |   3.0
       D:13 |    8038 |    3669 |  31.3 |      34 |       2 |   5.6
       D:14 |   15769 |   12039 |  43.3 |      44 |      32 |  42.1
       D:15 |   20700 |    5187 |  20.0 |      38 |       6 |  13.6
     Lair:1 |    2054 |     543 |  20.9 |       9 |       4 |  30.8
     Lair:2 |    5150 |    1437 |  21.8 |      31 |       3 |   8.8
     Lair:3 |    2218 |    1095 |  33.1 |      13 |       1 |   7.1
     Lair:4 |    3048 |     282 |   8.5 |      14 |       8 |  36.4
     Lair:5 |    5447 |       0 |   0.0 |      14 |       0 |   0.0
     Lair:6 |    5171 |    8173 |  61.2 |      27 |      45 |  62.5
   Shoals:1 |   12665 |       0 |   0.0 |      27 |       0 |   0.0
   Shoals:2 |    7925 |       0 |   0.0 |      19 |       0 |   0.0
   Shoals:3 |    3729 |     452 |  10.8 |       9 |       2 |  18.2
   Shoals:4 |    8666 |   23694 |  73.2 |      22 |      42 |  65.6
   Spider:1 |   15096 |       0 |   0.0 |      41 |       0 |   0.0
   Spider:2 |   17740 |    5663 |  24.2 |      56 |      18 |  24.3
   Spider:3 |    6114 |    5547 |  47.6 |      17 |       7 |  29.2
   Spider:4 |   20788 |   28970 |  58.2 |      56 |      50 |  47.2
      Orc:1 |    1753 |    1945 |  52.6 |      21 |       2 |   8.7
      Orc:2 |    2301 |    5442 |  70.3 |      17 |      43 |  71.7
      Elf:1 |   16460 |    9933 |  37.6 |      30 |      13 |  30.2
      Elf:2 |   19038 |   29711 |  60.9 |      32 |      34 |  51.5
      Elf:3 |   12803 |   50837 |  79.9 |      22 |      51 |  69.9
   Vaults:1 |   35942 |   19157 |  34.8 |      71 |      28 |  28.3
   Vaults:2 |   29488 |   37548 |  56.0 |      45 |      49 |  52.1
   Vaults:3 |   42628 |   28422 |  40.0 |      70 |      35 |  33.3
   Vaults:4 |   27556 |   34803 |  55.8 |      31 |      34 |  52.3
   Vaults:5 |   23333 |  169855 |  87.9 |      33 |     100 |  75.2
    Crypt:1 |   25358 |   12282 |  32.6 |      40 |      16 |  28.6
    Crypt:2 |   30383 |       0 |   0.0 |      41 |       0 |   0.0
    Crypt:3 |       0 |   64713 | 100.0 |       0 |      86 | 100.0
     Tomb:1 |    8726 |   26050 |  74.9 |      27 |      28 |  50.9
   Depths:1 |   27413 |   25215 |  47.9 |      32 |      14 |  30.4
   Depths:2 |   25558 |   43195 |  62.8 |      30 |      53 |  63.9
   Depths:3 |   35718 |   17811 |  33.3 |      41 |      12 |  22.6
   Depths:4 |   22818 |    2043 |   8.2 |      25 |       5 |  16.7
   Depths:5 |   37450 |   23515 |  38.6 |      46 |      19 |  29.2
       Hell |   31442 |   24969 |  44.3 |      32 |      42 |  56.8
      Tar:1 |   24405 |       0 |   0.0 |      37 |       0 |   0.0
      Tar:2 |   20302 |       0 |   0.0 |      22 |       0 |   0.0
      Tar:3 |   10779 |       0 |   0.0 |      25 |       0 |   0.0
      Tar:4 |   15446 |       0 |   0.0 |      24 |       0 |   0.0
      Tar:5 |   36997 |       0 |   0.0 |      42 |       0 |   0.0
      Tar:6 |    1537 |       0 |   0.0 |       5 |       0 |   0.0
      Tar:7 |   72033 |  103048 |  58.9 |      81 |      67 |  45.3
      Zot:1 |   77474 |       0 |   0.0 |      45 |       0 |   0.0
      Zot:2 |   79104 |   21474 |  21.4 |      47 |       9 |  16.1
      Zot:3 |   57981 |       0 |   0.0 |      41 |       0 |   0.0
      Zot:4 |   68554 |   13135 |  16.1 |      34 |       7 |  17.1
      Zot:5 |   43764 |  159899 |  78.5 |      28 |      42 |  60.0
    Abyss:5 |   17824 |       0 |   0.0 |      28 |       0 |   0.0
      Zig:1 |    2197 |       0 |   0.0 |       1 |       0 |   0.0
      Zig:2 |    5457 |       0 |   0.0 |       3 |       0 |   0.0
      Zig:3 |    2533 |       0 |   0.0 |       6 |       0 |   0.0
      Zig:4 |    5964 |       0 |   0.0 |       4 |       0 |   0.0
      Zig:5 |   11528 |       0 |   0.0 |       5 |       0 |   0.0
      Zig:6 |    7057 |       0 |   0.0 |      11 |       0 |   0.0
      Zig:7 |    7052 |       0 |   0.0 |      11 |       0 |   0.0
      Zig:8 |   10044 |       0 |   0.0 |      11 |       0 |   0.0
      Zig:9 |   10082 |       0 |   0.0 |      16 |       0 |   0.0
     Zig:10 |   19226 |       0 |   0.0 |      26 |       0 |   0.0
     Zig:11 |   15093 |       0 |   0.0 |      29 |       0 |   0.0
     Zig:12 |   19648 |       0 |   0.0 |      38 |       0 |   0.0
     Zig:13 |   20332 |    2920 |  12.6 |      43 |       6 |  12.2
     Zig:14 |   28882 |       0 |   0.0 |      21 |       0 |   0.0
     Zig:15 |   34662 |      32 |   0.1 |      29 |       1 |   3.3
     Zig:16 |   27371 |       0 |   0.0 |      30 |       0 |   0.0
     Zig:17 |   26066 |       0 |   0.0 |      37 |       0 |   0.0
     Zig:18 |   53122 |       0 |   0.0 |      35 |       0 |   0.0
     Zig:19 |   49544 |       0 |   0.0 |      35 |       0 |   0.0
     Zig:20 |   22056 |       0 |   0.0 |      36 |       0 |   0.0
     Zig:21 |  127966 |       0 |   0.0 |      37 |       0 |   0.0
     Zig:22 |   58707 |       0 |   0.0 |      59 |       0 |   0.0
     Zig:23 |    6943 |       0 |   0.0 |      16 |       0 |   0.0
        Lab |       0 |    2244 | 100.0 |       0 |       5 | 100.0
      Sewer |       0 |     140 | 100.0 |       0 |       6 | 100.0
     Bailey |       0 |     927 | 100.0 |       0 |      15 | 100.0
            +---------+---------+-------+---------+---------+-------
